 Dungeon Crawl Stone Soup version 0.30-a0-928-g7f6bbad527 (webtiles) character file.

Game seed: 3410462399343461537

114 Morbidden the Charlatan (level 4, -2/33 HPs)
             Began as a Demonspawn Artificer on Mar 23, 2023.
             Slain by a gnoll
             ... wielding a +0 flail
              (5 damage)
             ... on level 4 of the Dungeon.
             The game lasted 00:03:52 (2552 turns).

Morbidden the Charlatan (Demonspawn Artificer)      Turns: 2552, Time: 00:03:53

Health: -2/33      AC:  7    Str: 12    XL:     4   Next: 66%
Magic:  4/4        EV:  9    Int: 15    God:
Gold:   166        SH:  0    Dex: 13    Spells: 4/4 levels left

rFire   . . .      SeeInvis .    a - +0 trident
rCold   . . .      Faith    .    (no shield)
rNeg    . . .      Spirit   .    i - +0 scale mail
rPois   .          Reflect  .    (helmet restricted)
rElec   .          Rampage  .    (no cloak)
rCorr   .                        r - +0 pair of gloves
Will    .....                    (no boots) Stlth
                                 (no amulet)
HPRegen 0.25/turn                (no ring)
MPRegen 0.09/turn                (no ring)

@: attractive
A: horns 1
a: no special abilities


You were on level 4 of the Dungeon.
You visited 1 branch of the dungeon, and saw 4 of its levels.

You collected 166 gold pieces.

Inventory:

Hand Weapons
 a - a +0 trident (weapon)
Missiles
 u - 4 curare-tipped darts
Armour
 i - a +0 scale mail (worn)
 r - a +0 pair of gloves (worn)
Wands
 c - a wand of flame (15) (quivered)
 d - a wand of charming (11)
 e - a wand of iceblast (5)
Scrolls
 h - a scroll of magic mapping {unknown}
 j - a scroll of blinking {unknown}
 k - a scroll of amnesia {unknown}
 l - a scroll of brand weapon {unknown}
 m - 4 scrolls of identify {unknown}
 n - a scroll of silence {unknown}
 p - 2 scrolls of fear {unknown}
 q - a scroll of teleportation {unknown}
 s - a scroll of enchant weapon {unknown}
 t - 2 scrolls of poison {unknown}
Potions
 b - 3 potions of attraction
 f - a potion of invisibility {unknown}
 g - 2 potions of curing {unknown}
 o - a potion of haste {unknown}


   Skills:
 * Level 1.7 Fighting
 * Level 0.1(0.8) Axes
 + Level 1.2 Maces & Flails
 * Level 0.5 Polearms
 * Level 2.7 Armour
 * Level 1.3 Dodging
 + Level 1.0 Stealth
 * Level 0.6 Spellcasting
 * Level 3.6 Evocations


You had 4 spell levels left.
You didn't know any spells.
Your spell library was empty.

Dungeon Overview and Level Annotations

Branches:
Dungeon (4/15)
 Temple: D:4-7

Altars:

Shops:
D:1 *

Annotations:
D:4 Ijyb


Innate Abilities, Weirdness & Mutations

You have a pair of small horns on your head.


Message History

Unknown command.
Unknown command.
Unknown command.
You reach to attack!
You hit the gnoll.
The gnoll is heavily wounded.
Ijyb hits the gnoll with a +0 club.
The gnoll hits Ijyb with a +0 flail.
Ijyb hits the gnoll with a +0 club.
Unknown command.
You barely miss the gnoll.
The gnoll is severely wounded.
The orc closely misses Ijyb.
The gnoll hits you with a +0 flail.
Ijyb hits the gnoll with a +0 club.
Unknown command.
You are too injured to fight recklessly!
Unknown command.
You are too injured to fight recklessly!
The gnoll attacks as you move away! The gnoll hits you with a +0 club.
The gnoll attacks as you move away! The gnoll hits you with a +0 flail.
* * * LOW HITPOINT WARNING * * *
The gnoll attacks as you move away! The gnoll hits you but does no damage.
The orc barely misses Ijyb.
The gnoll attacks as you move away! The gnoll hits you with a +0 club.
* * * LOW HITPOINT WARNING * * *
An adder comes into view.
Unknown command.
Unknown command.
Unknown command.
Unknown command.
The gnoll attacks as you move away! The gnoll hits you with a +0 club.
* * * LOW HITPOINT WARNING * * *
A hound comes into view.
The hound barks!
Unknown command.
The gnoll attacks as you move away! The gnoll barely misses you.
Found a flail.
Ijyb closely misses the gnoll.
Unknown command.
It was a potion of attraction.
You feel attractive to monsters. The gnoll hits you with a +0 flail.
You die...

♣#♣#♣..P♣......###..♣♣P♣♣
#......♣♣♣♣....# #.♣..♣.P
♣.♣#♣...♣♣.....####♣♣.P.P
#.#....PP........# ♣♣P.PP.♣
♣.♣.#....P..####...♣♣PP♣.♣♣
####.#..)...S..# ....♣ P.♣♣
g......#.S.....# ..... ..♣
#####.##.)g..o.###......
..# #.##......gg@.h.....
### #.#♣♣♣♣(.g.##...<...
#.♣ ♣♣...# #...... ..♣
♣...# ...... .#♣ ♣♣.##


PP... . ♣.♣ .)PP. .♣♣ P♣♣♣ . ♣♣ .. You could see a hound, 3 gnolls, 2 adders, an
orc and the friendly Ijyb (charmed).

Vanquished Creatures
  2 adders (D:2)
  An adder skeleton (D:2)
  An adder zombie (D:2)
  3 dart slugs
  2 orcs (D:3)
  A bat (D:1)
  2 bat zombies (D:2)
  8 endoplasms
  3 giant cockroaches
  5 goblins
  3 hobgoblins
  6 jackals
  2 kobolds (D:1)
  2 quokkas
  4 ball pythons
  3 frilled lizards
  A giant cockroach zombie (D:2)
  A quokka skeleton (D:2)
  6 rats
56 creatures vanquished.

Vanquished Creatures (collateral kills)
  An adder (D:4)
  A gnoll (D:4)
  A ball python (D:4)
3 creatures vanquished.

Vanquished Creatures (others)
  A plant (D:4)
  A withered plant (D:2)
2 creatures vanquished.

Grand Total: 61 creatures vanquished

Notes
Turn   | Place    | Note
-------+----------+-------------------------------------------
     0 | D:1      | Morbidden the Demonspawn Artificer began the quest for the
                  | Orb.
     0 | D:1      | Reached XP level 1. HP: 15/15 MP: 1/1
   108 | D:1      | Reached skill level 1 in Stealth
   210 | D:1      | Gained mutation: You have a pair of small horns on your
                  | head. [demonic ancestry]
   210 | D:1      | Reached XP level 2. HP: 14/21 MP: 2/2
   439 | D:1      | Found Peumpoll's General Store.
   453 | D:1      | Reached skill level 1 in Dodging
  1110 | D:2      | Reached XP level 3. HP: 24/26 MP: 3/3
  1373 | D:2      | Reached skill level 1 in Maces & Flails
  1645 | D:3      | Reached XP level 4. HP: 31/32 MP: 4/4
  2497 | D:4      | Noticed Ijyb
  2552 | D:4      | Slain by a gnoll

Illustrated notes

Levels and vault maps discovered:
D:1:      onia_arrival_pyramid, layout_basic, serial_shops, shop_statue
D:2:      layout_basic, serial_undead, serial_undead_a, serial_undead_c,
          serial_undead_d, serial_undead_d, serial_undead_d
D:3:      layout_basic
D:4:      layout_rooms, temple_doors_e, cheibrodos_sewer_entry_sluice,
          serial_forest, infiniplex_forest_lined_2, infiniplex_forest_side_room,
          infiniplex_forest_lined_3_way, infiniplex_forest_clump_large,
          infiniplex_forest_end_1, infiniplex_forest_end_2,
          infiniplex_forest_lined_corner, infiniplex_forest_clump_small,
          minmay_increasing_density, uniq_ijyb

Skill      XL: |  1  2  3 |
---------------+----------+-----
Stealth        | 1 |  1.0
Armour         | 2 |  2.7
Dodging        | 1 |  1.3
Maces & Flails | 1 |  1.2
Fighting       | |  1.7
Axes           | |  0.1
Polearms       | |  0.5
Spellcasting   | |  0.6
Evocations     | |  3.6

Action                     |  1- 3 |  4- 6 || total
---------------------------+-------+-------++-------
  Melee: Club              |   194 |    13 ||   207
         Headbutt          |    21 |     8 ||    29
         Trident           |       |    34 ||    34
         Punch             |       |     1 ||     1
  Evoke: Wand              |       |     4 ||     4
    Use: Potion            |       |     1 ||     1
   Stab: Sleeping          |     2 |       ||     2
 Armour: Leather armour    |     7 |       ||     7
         Scale mail        |   101 |    18 ||   119
  Dodge: Dodged            |   153 |    25 ||   178

Table legend: (Time is in decaauts)
 A = Elapsed time spent in this place.
 B = Non-inter-level travel time spent in this place.
 C = Inter-level travel time spent in this place.
 D = Time resting spent in this place.
 E = Time spent auto-exploring this place.
 F = Levels seen in this place.
 G = Mean time per level.
                   A        B        C        D        E       F      G
               +--------+--------+--------+--------+--------+-----+--------+
         Total |   2621 |   2523 |     98 |     27 |   1878 |   4 |  655.2 |
       Dungeon |   2621 |   2523 |     98 |     27 |   1878 |   4 |  655.2 |
               +--------+--------+--------+--------+--------+-----+--------+

Top non-repeatable levels by time:
     D:1: 1099 daAuts
     D:3: 772 daAuts
     D:2: 585 daAuts
     D:4: 164 daAuts
